 Dungeon Sprint DCSS version 0.27.1-33-g824d729ab1 (webtiles) character file.

Game seed: 12666921515258670807

12089 manyhoops the Wrestler (level 11, -3/126 HPs)
             Began as a Troll Berserker on Nov 28, 2021.
             Was the Champion of Trog.
             Slain by an unseen horror (5 damage)
             ... in the Dungeon (Sprint I: "Red Sonja").
             The game lasted 00:10:14 (1067 turns).

manyhoops the Wrestler (Troll Berserker)            Turns: 1067, Time: 00:10:14

Health: -3/126     AC:  4    Str: 30    XL:     11   Next: 57%
Magic:  10/10      EV: 10    Int:  1    God:    Trog [******]
Gold:   170        SH:  0    Dex:  9    Spells: 10/10 levels left

rFire    + . .     SeeInvis .     - Unarmed
rCold    . . .     Faith    .   (no shield)
rNeg     . . .     Spirit   .   a - +0 animal skin
rPois    .         Reflect  .   (helmet restricted)
rElec    .         Harm     .   (no cloak)
rCorr    .         Rampage  .   (gloves unavailable)
Will     ++...     NoTele   +   (boots unavailable)
Stlth    +.........             (no amulet)
HPRegen  2.31/turn              B - ring of protection from fire
MPRegen  0.12/turn              (no ring)

@: strong-willed, on berserk cooldown, regenerating, slowed, very slow
A: large, unfitting armour, claws 3, regeneration 1, shaggy fur 1, tough skin 1,
fangs 1, dopey 1
a: Renounce Religion, Berserk, Trog's Hand, Brothers in Arms


You were in the Dungeon.
You worshipped Trog.
Trog was exalted by your worship.
You visited 1 branch You collected 2229 gold pieces.
You spent 2059 gold pieces at shops.

Inventory:

Missiles
 j - 3 curare-tipped darts (quivered)
Armour
 a - a +0 animal skin (worn)
 n - a scarf of harm
 v - a +2 robe of fire resistance
Jewellery
 r - a ring of ice
 B - a ring of protection from fire (left claw)
Wands
 i - a wand of flame (17)
Scrolls
 c - a scroll of fear
 g - a scroll of blinking
 k - a scroll of amnesia
 l - 2 scrolls of enchant weapon
 o - a scroll of acquirement {unknown}
 q - 4 scrolls of identify
 s - a scroll of vulnerability {unknown}
 u - 3 scrolls of holy word {unknown}
 y - 2 scrolls of fog
 A - a scroll of magic mapping
Potions
 b - 2 potions of curing
 d - 3 potions of haste
 e - 2 potions of magic
 f - a potion of berserk rage
 h - a potion of cancellation
 p - a potion of might {unknown}
 t - 2 potions of flight
 w - a potion of resistance
 z - 2 potions of mutation
Miscellaneous
 m - a phantom mirror


   Skills:
 + Level 12.8 Fighting
 - Level 2.4 Dodging
 + Level 22.6 Unarmed Combat


You had 10 spell levels left.
You didn't know any spells.
Your spell library was empty.

Dungeon Overview and Level Annotations

Branches:
Dungeon (1/1)

Altars:
Cheibriados
Dithmenos
Elyvilon
Fedhas
Gozag
Hepliaklqana
Kikubaaqudgha
Makhleb
Nemelex Xobeh
Okawaru
Qazlal
Ru
Sif Muna
Trog
Uskayaw
Vehumet
Wu Jian
Xom
Yredelemnul
Zin
The Shining One
Jiyva
Lugonu

Shops:
D ((((=?[[*(***(*[?[![(


Innate Abilities, Weirdness & Mutations

You are too large for most types of armour.
You have claws for hands.
Your natural rate of healing is unusually fast.
You are covered in fur. (AC +1)
You have tough skin. (AC +1)
You have very sharp teeth.
You are dopey. (Int -2)


Message History

* * * LOW HITPOINT WARNING * * *
Your troll goes berserk!
Something hits you!
* * * LOW HITPOINT WARNING * * *
Something hits you.
* * * LOW HITPOINT WARNING * * *
Something hits you but does no damage.
An unseen horror comes into view.
A red film seems to cover your vision as you go berserk!
You feel yourself moving faster!
You feel mighty!
The unseen horror hits you but does no damage.
Something hits you but does no damage. Something hits you.
* * * LOW HITPOINT WARNING * * *
The unseen horror closely misses your troll.
You feel a strong urge to attack something.
Something hits you.
* * * LOW HITPOINT WARNING * * *
The unseen horror hits your troll!
Your troll bites the unseen horror!!
The unseen horror dies!
Trog accepts your kill.
Reactivating autopickup.
Something hits you.
* * * LOW HITPOINT WARNING * * *
Deactivating autopickup; reactivate with Ctrl-A.
Something hits you.
* * * LOW HITPOINT WARNING * * *
You swap places.
You feel your anger nearly subside.
You are no longer berserk.
You are exhausted.
You feel yourself slow down. Something hits you.
* * * LOW HITPOINT WARNING * * *
You feel better. Something hits you.
* * * LOW HITPOINT WARNING * * *
Something barely misses your troll.
Your troll rages.
An unseen horror comes into view.
Something hits you.
* * * LOW HITPOINT WARNING * * *
The unseen horror hits you.
You die...

).†##'#.####..§..##
..)'..#§#
##§.§#####
####.§§§# ###'#
$)## §§##)####
#.##$$$# §§#..^
#..###$# ..#.°^^
##.#A#$# #'###.°○
#..###$# #.'.#.○○#
#x##..$# ###.#.○##
#T@#+### ∩##§#..#
##.{.# ###.# ###{#
.##.# {# ..'.# #
###§# §)#§# §#§§#
≈####


You could see an unseen horror (invisible, ally target) and a friendly troll
(summoned, berserk).

Vanquished Creatures
  2 centaur warriors (D)
  Sonja (D)
  A deep troll (D)
  A lindwurm (D)
  A shining eye (D)
  An oklob plant (D)
  A gargoyle (D)
  4 unseen horrors (D)
  2 kobold demonologists (D)
  4 demonic crawlers (D)
  A hornet (D)
  A slime creature (D)
  2 redbacks (D)
  Sigmund (D)
  13 hogs (D)
  A yak (D)
  2 floating eyes (D)
  7 necrophages (D)
  An ogre (D)
  8 jellies (D)
  Ijyb (D)
56 creatures vanquished.

Vanquished Creatures (collateral kills)
  7 shining eyes (D)
  An unseen horror (D)
  4 floating eyes (D)
12 creatures vanquished.

Vanquished Creatures (others)
  2 ballistomycete spores (D)
2 creatures vanquished.

Grand Total: 70 creatures vanquished

Notes
Turn   | Place    | Note
-------+----------+-------------------------------------------
     0 | D        | manyhoops the Troll Berserker began the quest for the Orb.
     0 | D        | Reached XP level 1. HP: 22/22 MP: 0/0
     1 | D        | Noticed Ijyb
     6 | D        | Killed Ijyb
     7 | D        | Reached skill level 5 in Unarmed Combat
     7 | D        | Reached XP level 2. HP: 32/32 MP: 1/1
    18 | D        | Noticed an ogre
    25 | D        | Killed an ogre
    26 | D        | Reached skill level 8 in Unarmed Combat
    26 | D        | Reached XP level 3. HP: 20/39 MP: 2/2
    26 | D        | Reached XP level 4. HP: 25/48 MP: 3/3
    61 | D        | Noticed Sigmund
    65 | D        | Killed Sigmund
    65 | D        | Reached ** piety under Trog
    66 | D        | Reached skill level 11 in Unarmed Combat
    66 | D        | Reached XP level 5. HP: 54/54 MP: 4/4
   113 | D        | Found an ornate altar of the Wu Jian Council.
   113 | D        | Found a shimmering blue altar of Sif Muna.
   115 | D        | Found a radiant altar of Vehumet.
   119 | D        | Reached XP level 6. HP: 63/63 MP: 5/5
   152 | D        | Found Puryug's Weapon Emporium.
   152 | D        | Found an ancient bone altar of Kikubaaqudgha.
   152 | D        | Found a hazy altar of Hepliaklqana.
   152 | D        | Found a stormy altar of Qazlal.
   152 | D        | Found a hide-covered altar of Uskayaw.
   152 | D        | Found a blossoming altar of Fedhas.
   152 | D        | Found a bloodstained altar of Trog.
   152 | D        | Found an iron altar of Okawaru.
   152 | D        | Found a basalt altar of Yredelemnul.
   152 | D        | Found a glowing golden altar of the Shining One.
   152 | D        | Found a snail-covered altar of Cheibriados.
   152 | D        | Found a sacrificial altar of Ru.
   152 | D        | Found a glowing silver altar of Zin.
   152 | D        | Found a shadowy altar of Dithmenos.
   152 | D        | Found a white marble altar of Elyvilon.
   152 | D        | Noticed a yak
   157 | D        | Killed a yak
   158 | D        | Reached skill level 5 in Fighting
   158 | D        | Reached skill level 12 in Unarmed Combat
   158 | D        | Found an opulent altar of Gozag.
   159 | D        | Found a sparkling altar of Nemelex Xobeh.
   189 | D        | Found a burning altar of Makhleb.
   189 | D        | Found a viscous altar of Jiyva.
   189 | D        | Found a shimmering altar of Xom.
   189 | D        | Found a corrupted altar of Lugonu.
   189 | D        | Noticed a slime creature
   196 | D        | Killed a slime creature
   196 | D        | Reached *** piety under Trog
   197 | D        | Reached skill level 13 in Unarmed Combat
   197 | D        | Reached XP level 7. HP: 53/76 MP: 6/6
   214 | D        | Noticed a kobold demonologist
   215 | D        | Noticed a kobold demonologist
   217 | D        | Noticed a smoke demon
   219 | D        | Killed a kobold demonologist
   220 | D        | Reached skill level 14 in Unarmed Combat
   220 | D        | Paralysed by a floating eye for 2 turns
   226 | D        | Killed a kobold demonologist
   226 | D        | Reached **** piety under Trog
   227 | D        | Reached skill level 15 in Unarmed Combat
   227 | D        | Reached XP level 8. HP: 33/89 MP: 7/7
   267 | D        | Noticed Sonja
   269 | D        | Killed Sonja
   270 | D        | Reached skill level 16 in Unarmed Combat
   318 | D        | Found Kaduibig's Weapon Boutique.
   338 | D        | Noticed a deep troll
   345 | D        | Killed a deep troll
   346 | D        | Reached skill level 10 in Fighting
   346 | D        | Reached XP level 9. HP: 101/101 MP: 8/8
   355 | D        | Found Eluing's Armour Emporium.
   381 | D        | Noticed a centaur warrior
   381 | D        | Noticed a centaur warrior
   386 | D        | Killed a centaur warrior
   387 | D        | Reached skill level 17 in Unarmed Combat
   387 | D        | Killed a centaur warrior
   387 | D        | Reached ***** piety under Trog
   388 | D        | Reached skill level 18 in Unarmed Combat
   439 | D        | Noticed an oklob plant
   443 | D        | Killed an oklob plant
   444 | D        | Reached XP level 10. HP: 114/114 MP: 9/9
   533 | D        | Reached skill level 19 in Unarmed Combat
   534 | D        | Received a gift from Trog
   535 | D        | Reached ****** piety under Trog
   562 | D        | Received a gift from Trog
   566 | D        | HP: 8/171 [something (10)]
   636 | D        | Found Hunn's Antique Armour Shoppe.
   636 | D        | Found Wuckac's Antique Armour Shop.
   636 | D        | Found Wuoleyd's General Store.
   638 | D        | Found Qankimm's Antique Weapon Emporium.
   638 | D        | Found Rasmium's Assorted Antiques.
   638 | D        | Found Viver's General Store.
   638 | D        | Found Diw Que's General Store.
   638 | D        | Found Roduo's Weapon Emporium.
   638 | D        | Found Vusyap's Assorted Antiques.
   638 | D        | Found Waabojut's Antique Armour Shoppe.
   639 | D        | Bought an embroidered scarf for 216 gold pieces
   641 | D        | Bought a scroll of identify for 26 gold pieces
   641 | D        | Bought a scroll of identify for 26 gold pieces
   641 | D        | Found Hyczus's Magic Scroll Boutique.
   642 | D        | Found Gokhih's Distillery.
   642 | D        | Found Qustacyh's Antique Armour Boutique.
   643 | D        | Bought a scroll labelled HINLAANILAI for 23 gold pieces
   643 | D        | Bought a golden potion for 20 gold pieces
   643 | D        | Bought a knobbly bronze ring for 115 gold pieces
   643 | D        | Bought a shiny ruby ring for 115 gold pieces
   647 | D        | Found Jiucloan's Antique Weapon Emporium.
   648 | D        | Bought a scroll of fear for 49 gold pieces
   649 | D        | Bought 3 scrolls of identify for 78 gold pieces
   651 | D        | Bought a scroll of enchant weapon for 142 gold pieces
   651 | D        | Bought a scroll labelled YNENTA GERIO for 19 gold pieces
   651 | D        | Bought a scroll of identify for 38 gold pieces
   651 | D        | Bought a white potion for 17 gold pieces
   651 | D        | Bought 3 scrolls labelled VUHERPHAJEU for 57 gold pieces
   658 | D        | Bought a runed robe for 88 gold pieces
   659 | D        | Bought a potion of haste for 120 gold pieces
   659 | D        | Bought a potion of haste for 120 gold pieces
   659 | D        | Bought a potion of resistance for 120 gold pieces
   659 | D        | Bought a potion of flight for 36 gold pieces
   659 | D        | Bought a potion of heal wounds for 60 gold pieces
   659 | D        | Bought a potion of mutation for 96 gold pieces
   660 | D        | Bought a scroll of fog for 28 gold pieces
   668 | D        | Bought a potion of mutation for 104 gold pieces
   754 | D        | Noticed a shining eye
   754 | D        | Noticed a shining eye
   754 | D        | Noticed a shining eye
   754 | D        | Noticed a shining eye
   754 | D        | Noticed a shining eye
   754 | D        | Noticed a shining eye
   755 | D        | Killed a shining eye
   756 | D        | Paralysed by a floating eye for 2 turns
   758 | D        | Reached skill level 20 in Unarmed Combat
   758 | D        | Killed a shining eye
   758 | D        | Killed a shining eye
   758 | D        | Received a gift from Trog
   758 | D        | Gained mutation: You have very sharp teeth. [a shining eye]
   759 | D        | Noticed a shining eye
   759 | D        | Noticed a shining eye
   761 | D        | Killed a shining eye
   762 | D        | Killed a shining eye
   762 | D        | Killed a shining eye
   763 | D        | Gained mutation: You are weak. (Str -2) [a shining eye]
   765 | D        | Lost mutation: You are weak. (Str -2) [a shining eye]
   765 | D        | Gained mutation: You are dopey. (Int -2) [a shining eye]
   766 | D        | Killed a shining eye
   767 | D        | Reached XP level 11. HP: 123/123 MP: 10/10
   768 | D        | Killed a shining eye
   792 | D        | Found Dubrap's Weapon Shoppe.
   792 | D        | Found Ufop's Magic Scroll Boutique.
   792 | D        | Found Ejan Taes's Weapon Emporium.
   793 | D        | Found Ofomeazu's Jewellery Shop.
   815 | D        | Bought a scroll of fog for 26 gold pieces
   815 | D        | Bought a scroll of magic mapping for 45 gold pieces
   817 | D        | Bought a ring of protection from fire for 275 gold pieces
   859 | D        | Received a gift from Trog
   860 | D        | Reached skill level 21 in Unarmed Combat
   914 | D        | Noticed a lindwurm
   919 | D        | Killed a lindwurm
   955 | D        | Received a gift from Trog
   967 | D        | Reached skill level 22 in Unarmed Combat
   977 | D        | Received a gift from Trog
  1049 | D        | Noticed a daeva
  1063 | D        | HP: 8/189 [something (6)]
  1066 | D        | HP: 1/126 [something (3)]
  1067 | D        | Slain by an unseen horror

Illustrated notes

Levels and vault maps discovered:
D:        dungeon_sprint_1 [red_sonja_temple_1, red_sonja_temple_small_1]

Skill      XL: |  1  2  3  4  5  6  7  8  9 10 11 |
---------------+----------------------------------+-----
Fighting       | 4 6 8 10 11 12 | 12.8
Unarmed Combat | 5 8 11 13 15 16 18 20 22 | 22.6
Dodging        | |  2.4

Action                   |  1- 3 |  4- 6 |  7- 9 | 10-12 || total
-------------------------+-------+-------+-------+-------++-------
Melee: Unarmed           |     9 |    13 |    27 |   104 ||   153
       Punch             |     1 |       |     1 |    11 ||    13
       Bite              |       |       |       |     8 ||     8
Invok: Berserk           |     1 |     3 |     5 |     6 ||    15
       Trog's Hand       |       |       |     1 |     3 ||     4
       Brothers in Arms  |       |       |       |     4 ||     4
  Use: Scroll            |       |       |       |     3 ||     3
       Potion            |       |       |       |     3 ||     3
Armor: Animal skin       |       |       |     7 |    14 ||    21
Dodge: Dodged            |     2 |     2 |     7 |    27 ||    38
